 Dungeon Crawl Stone Soup version 0.24.0-123-gd5b16e6ec5 (webtiles) character file.

Game seed: 10954044515902343107, levelgen mode: deterministic

114 glosham the Chopper (level 4, -11/35 HPs)
             Began as a Mummy Abyssal Knight on Jan 12, 2020.
             Was a Believer of Lugonu.
             Killed by divine providence
             ... invoked by an orc priest
              (14 damage)
             ... on level 3 of the Dungeon.
             The game lasted 00:25:26 (1816 turns).

glosham the Chopper (Mummy Abyssal Knight)          Turns: 1816, Time: 00:25:26

Health: -11/35     AC:  7    Str: 16    XL:     4   Next: 67%
Magic:  5/5        EV: 10    Int: 11    God:    Lugonu [**....]
Gold:   129        SH:  0    Dex: 11    Spells: 3/3 levels left

rFire    x . .     SeeInvis .   a - +1 hand axe
rCold    + . .     Gourm    .   (no shield)
rNeg     + + +     Faith    .   d - +0 ring mail
rPois    ∞         Spirit   .   (no helmet)
rElec    .         Reflect  .   Y - +1 cloak
rCorr    +         Harm     .   (no gloves)
MR       .....                  (no boots)
Stlth    +.........             e - amulet of regeneration
HPRegen  0.51/turn              S - ring of resist corrosion
MPRegen  0.09/turn              (no ring)

@: no status effects
A: no food or potions, fire vulnerability, cold resistance 1, negative energy
resistance 3, torment resistance, unbreathing
a: Depart the Abyss, Bend Space, Renounce Religion


You were on level 3 of the Dungeon.
You worshipped Lugonu.
Lugonu was pleased with you.
You were not hungry.

You visited 1 branch of the dungeon, and saw 3 of its levels.
You visited the Abyss 1 time.

You collected 129 gold pieces.

Inventory:

Hand Weapons
 a - a +1 hand axe (weapon)
Missiles
 b - 64 arrows
 c - 54 sling bullets
 f - 40 stones (quivered)
Armour
 d - a +0 ring mail (worn)
 Y - a +1 cloak (worn)
Jewellery
 e - an amulet of regeneration (around neck)
 z - an uncursed amulet of magic regeneration
 S - a ring of resist corrosion (left hand)
Scrolls
 g - 2 scrolls of amnesia
 k - a scroll of teleportation
 o - a scroll of remove curse
 p - a scroll of identify


   Skills:
 - Level 3.0 Fighting
 * Level 4.1 Axes
 - Level 1.5 Armour
 - Level 0.7 Dodging
 - Level 1.5 Invocations


You had 3 spell levels left.
You didn't know any spells.
Your spell library was empty.

Dungeon Overview and Level Annotations

Branches:
Dungeon (3/15)

Altars:
Cheibriados


Innate Abilities, Weirdness & Mutations

You do not eat or drink.
Your flesh is vulnerable to fire.
You are immune to poison.
Your flesh is cold resistant. (rC+)
You are immune to negative energy. (rN+++)
You are immune to unholy pain and torment.
You can survive without breathing.


Message History

The orc is moderately wounded.
You closely miss the adder. The orc hits you with a +0 war axe.
The adder closely misses you.
You barely miss the orc.
The orc is moderately wounded.
You closely miss the adder. The adder misses you.
The orc hits you with a +0 war axe.
You miss the adder. You closely miss the orc.
The adder bites you but does no damage.
The orc priest miscasts a cantrip.
The adder bites you.
You barely miss the adder. You barely miss the orc.
The adder bites you but does no damage. The orc misses you.
You hit the adder.
The adder is heavily wounded.
You barely miss the orc. x2; The adder bites you but does no damage.
The orc hits you but does no damage. The orc closely misses you.
The adder closely misses you.
You hit the adder.
The adder is heavily wounded.
You hit the orc. You hit the orc but do no damage. The orc barely misses you.
The adder bites you. The orc hits you with a +0 war axe.
You closely miss the adder.
The adder is heavily wounded.
You hit the orc but do no damage. You closely miss the orc.
The adder bites you. The orc hits you but does no damage.
The orc hits you with a +0 war axe.
You closely miss the adder.
The adder is heavily wounded.
You hit the orc. You completely miss the orc.
The adder bites you but does no damage. The orc misses you.
The adder barely misses you. The orc hits you with a +0 war axe!
* * * LOW HITPOINT WARNING * * *
You barely miss the adder.
The adder is heavily wounded.
You barely miss the orc. You hit the orc but do no damage.
The orc hits you but does no damage. The adder bites you.
* * * LOW HITPOINT WARNING * * *
The orc priest invokes the aid of Beogh against you.
Beogh smites you!
You die...

##...#####.....#.#####...
...........)...#.........
##...#####.........######
#...# ###............
#...# #.......####. #...#
#.........# #...#
#.#.#.....# #####
#.#.#oo...# #..>.@So###
#.###.#.# #.###.#.#
#.....#.# #######o# #.#
#o# #.# #..


You could see an orc priest, an adder and 2 orcs.

Vanquished Creatures
  An orc priest (D:3)
  An adder (D:2)
  An adder zombie (D:1)
  2 worms
  A dart slug (D:2)
  4 leopard geckos (D:2)
  4 orcs (D:3)
  A ball python (D:2)
  3 bats
  5 giant cockroaches
  3 goblins
  8 hobgoblins
  6 jackals
  5 kobolds
  2 frilled lizards (D:1)
  A quokka zombie (D:1)
  6 rats
54 creatures vanquished.

Notes
Turn   | Place    | Note
-------+----------+-------------------------------------------
     0 | Abyss:1  | glosham the Mummy Abyssal Knight began the quest for the
                  | Orb.
     0 | Abyss:1  | Reached XP level 1. HP: 18/18 MP: 2/2
    34 | Abyss:1  | Noticed a rakshasa
    54 | Abyss:1  | Noticed an orange demon
    62 | Abyss:1  | Noticed a wraith
   107 | D:1      | Escaped the Abyss
   214 | D:1      | Reached * piety under Lugonu
   214 | D:1      | Reached skill level 2 in Axes
   238 | D:1      | Reached XP level 2. HP: 21/24 MP: 3/3
   571 | D:1      | Found a snail-covered altar of Cheibriados.
   882 | D:2      | Reached XP level 3. HP: 28/29 MP: 4/4
   998 | D:2      | Reached skill level 3 in Axes
  1509 | D:2      | Reached ** piety under Lugonu
  1588 | D:3      | Reached XP level 4. HP: 34/35 MP: 5/5
  1798 | D:3      | Reached skill level 4 in Axes
  1816 | D:3      | HP: 3/35 [adder (3)]
  1816 | D:3      | Killed from afar by an orc priest

Levels and vault maps discovered:
D:1:      saegor_arrival_fortress, layout_loops_corners, cheibriados_altar_1
D:2:      layout_basic
D:3:      layout_basic

Skill      XL: |  1  2  3  4 |
---------------+-------------+-----
Axes           | 2 3 4 |  4.1
Fighting       | |  3.0
Armour         | |  1.5
Dodging        | |  0.7
Invocations    | |  1.5

Action                   |  1- 3 |  4- 6 || total
-------------------------+-------+-------++-------
Melee: Hand axe          |   140 |    39 ||   179
Invok: Depart the Abyss  |     1 |       ||     1
  Use: Scroll            |     4 |     3 ||     7
Armor: Leather armour    |     7 |       ||     7
       Ring mail         |    39 |    16 ||    55
Dodge: Dodged            |    92 |    17 ||   109

Table legend:
 A = Turns spent in this place as a percentage of turns spent in the entire game.
 B = Non-inter-level travel turns spent in this place as a percentage of non-inter-level travel turns spent in the entire game.
 C = Inter-level travel turns spent in this place as a percentage of turns spent in this place.
 D = Turns resting spent in this place as a percentage of non-inter-level travel turns spent in this place.
 E = Turns spent auto-exploring this place as a percentage of non-inter-level travel turns spent in this place.
 F = Non-inter-level travel turns spent in this place divided by the number of levels of this place that you've seen.
                   A       B       C       D       E      F
               +-------+-------+-------+-------+-------+----------------------
         Total | 100.0 | 100.0 |   6.3 |   0.2 |   0.0 | 425.5
       Dungeon |  94.1 |  93.7 |   6.7 |   0.3 |   0.0 | 531.7
         Abyss |   5.9 |   6.3 |   0.0 |   0.0 |   0.0 | 107.0
               +-------+-------+-------+-------+-------+----------------------

Table legend:
 A = Kills in this place as a percentage of kills in entire the game.
 B = Kills by you in this place as a percentage of kills by you in the entire game.
 C = Kills by friends in this place as a percentage of kills by friends in the entire game.
 D = Other kills in this place as a percentage of other kills in the entire game.
 E = Experience gained in this place as a percentage of experience gained in the entire game.
 F = Experience gained in this place divided by the number of levels of this place that you have seen.
                   A       B       C       D       E      F
               +-------+-------+-------+-------+-------+----------------------
         Total | 100.0 | 100.0 |   N/A |   N/A | 100.0 |  41.0
       Dungeon | 100.0 | 100.0 |   N/A |   N/A | 100.0 |  54.7
               +-------+-------+-------+-------+-------+----------------------

Levels and vault maps discovered:
D:1:      saegor_arrival_fortress, layout_loops_corners, cheibriados_altar_1
D:2:      layout_basic
D:3:      layout_basic
